 Dungeon Crawl Stone Soup version 0.30-a0-528-g8c47a4955b (webtiles) character file.

Game seed: 5804226800847606347

397991 Jase the Spry (level 23, -3/186 HPs)
             Began as a Gnoll Wanderer on Dec 23, 2022.
             Was an Elder of Ashenzari.
             Collided with a rock wall (10 damage)
             ... caused by a rakshasa (illusionary)
             ... on level 1 of the Depths on Dec 24, 2022.
             The game lasted 05:33:21 (55310 turns).

Jase the Spry (Gnoll Wanderer)                     Turns: 55310, Time: 05:33:21

Health: -3/186     AC: 32    Str: 13    XL:     23   Next: 24%
Magic:  43/43      EV: 16    Int: 21    God:    Ashenzari [****..]
Gold:   3560       SH: 28    Dex: 20    Spells: 19/54 levels left

rFire   + + +      SeeInvis +    a - +10 war axe of Ashenzari's Sun {freeze, rC++ Will++ Int+3, Fort, Melee} (curse)
rCold   + + +      Faith    .    Z - +1 tower shield {AC+3}
rNeg    . . .      Spirit   .    f - +1 chain mail {rF+}
rPois   +          Reflect  +    h - +2 hood of the Assassin {Detection Stab+ Stlth++, Melee, Bglg} (curse)
rElec   +          Harm     .    c - +2 cloak of Panopticon {Cun, Melee} (curse)
rCorr   +          Rampage  .    r - +2 pair of gloves "Eternal Malaise" {Dex+3, Melee, Cun} (curse)
Will    +++..      Clarity  +    Q - +2 pair of boots "Shattered Affliction" {Alch, Evo} (curse)
Stlth   ++++++++                 w - amulet "Secrets of Ashenzari" {Reflect SH+5, Bglg, Fort} (curse)
HPRegen 0.51/turn                t - ring "Plog" {rPois Str+6 Stlth+}
MPRegen 0.28/turn                L - ring "Lashed Soothsayer" {rElec rF++ rC+ rCorr Str-4, Melee, Elem} (curse)

@: wereblooded (expiring), studying 4 skills
A: fangs 1, strong nose, distributed training
}: 2/15 runes: serpentine, barnacled
a: Renounce Religion, Shatter the Chains


You were on level 1 of the Depths.
You worshipped Ashenzari.
Ashenzari was greatly pleased with you.
You visited 9 branches of the dungeon, and saw 39 of its levels.
You also visited: Ice Cave and Volcano.

You collected 7717 gold pieces.
You spent 4157 gold pieces at shops.

Inventory:

Hand Weapons
 a - the cursed +10 war axe of Ashenzari's Sun (weapon) {freeze, rC++ Will++ Int+3, Fort, Melee}
   (You found it on level 3 of the Dungeon)

   It freezes those it strikes, dealing additional cold damage.
   It can also slow down cold-blooded creatures.
   Int:       It affects your intelligence (+3).
   rC:        It greatly protects you from cold.
   Will:      It greatly increases your willpower.
   It has a curse which improves the following skills: Fortitude: Armour and
   Shields.
   Melee Combat: Short Blades, Long Blades, Axes, Maces & Flails, Polearms,
   Staves and Unarmed Combat.
Missiles
 C - 11 javelins (quivered)
 G - 8 throwing nets
 K - 61 boomerangs
 U - 7 curare-tipped darts
Armour
 c - the cursed +2 cloak of Panopticon (worn) {Cun, Melee}
   (You found it on level 13 of the Dungeon)

   It has a curse which improves the following skills: Cunning: Dodging and
   Stealth.
   Melee Combat: Short Blades, Long Blades, Axes, Maces & Flails, Polearms,
   Staves and Unarmed Combat.
 f - a +1 chain mail of fire resistance (worn)
 h - the cursed +2 hood of the Assassin (worn) {Detection Stab+ Stlth++, Melee, Bglg}
   (You found it on level 4 of the Vaults)

   It allows the wearer to sense nearby creatures.
   It allows the wearer to make particularly effective stabbing attacks against
   helpless or unaware enemies with any weapon.
   Stlth:     It makes you much more stealthy.
   It has a curse which improves the following skills: Melee Combat: Short
   Blades, Long Blades, Axes, Maces & Flails, Polearms, Staves and Unarmed
   Combat.
   Beguiling: Conjurations, Hexes and Translocations.
 r - the cursed +2 pair of gloves "Eternal Malaise" (worn) {Dex+3, Melee, Cun}
   (You found it on level 10 of the Dungeon)

   It has a curse which improves the following skills: Melee Combat: Short
   Blades, Long Blades, Axes, Maces & Flails, Polearms, Staves and Unarmed
   Combat.
   Cunning:   Dodging and Stealth.
 Q - the cursed +2 pair of boots "Shattered Affliction" (worn) {Alch, Evo}
   (You found it on level 1 of the Shoals)

   It has a curse which improves the following skills: Alchemy: Poison Magic and
   Transmutations.
   Evocations: Evocations.
 Z - a +1 tower shield of protection (worn)
Jewellery
 i - a ring of protection from cold
 j - the ring "Adooth" {Will+ Stlth+}
   (You bought it in a shop on level 3 of the Vaults)

   [ring of willpower]

   Will:      It increases your willpower.
   Stlth:     It makes you more stealthy.
 o - the ring of Amorality {Fire rN++ Will+++ MP-9}
   (You found it on level 14 of the Dungeon)

   [ring of fire]

   It enhances your fire magic.
   rF:        It protects you from fire.
   rC:        It makes you vulnerable to cold.
   rN:        It greatly protects you from negative energy.
   MP:        It affects your magic capacity (-9).
   Will:      It greatly increases your willpower.
 q - the ring of Jaschof {Fly rC+}
   (You found it in an ice cave)

   [ring of flight]

   rC:        It protects you from cold.
   Fly:       It grants you flight.
 t - the ring "Plog" (left hand) {rPois Str+6 Stlth+}
   (You bought it in a shop on level 2 of the Orcish Mines)

   [ring of poison resistance]

   Str:       It affects your strength (+6).
   rPois:     It protects you from poison.
   Stlth:     It makes you more stealthy.
 w - the cursed amulet "Secrets of Ashenzari" (around neck) {Reflect SH+5, Bglg, Fort}
   (You found it on level 3 of the Dungeon)

   [amulet of reflection]

   It reflects blocked missile attacks.
   SH:        It affects your SH (+5).
   It has a curse which improves the following skills: Beguiling: Conjurations,
   Hexes and Translocations.
   Fortitude: Armour and Shields.
 y - the ring "Nacw" {Wiz rElec Slay+2}
   (You found it in an ice cave)

   [ring of wizardry]

   It improves your spell success rate.
   Slay:      It affects your accuracy & damage with ranged weapons and melee
   (+2).
   rElec:     It insulates you from electricity.
 L - the cursed ring "Lashed Soothsayer" (right hand) {rElec rF++ rC+ rCorr Str-4, Melee, Elem}
   (You took it off a centaur warrior on level 14 of the Dungeon)

   [ring of resist corrosion]

   Str:       It affects your strength (-4).
   rF:        It greatly protects you from fire.
   rC:        It protects you from cold.
   rElec:     It insulates you from electricity.
   rCorr:     It protects you from acid and corrosion.
   It has a curse which improves the following skills: Melee Combat: Short
   Blades, Long Blades, Axes, Maces & Flails, Polearms, Staves and Unarmed
   Combat.
   Elements:  Fire Magic, Ice Magic, Air Magic and Earth Magic.
 Y - the ring of Vinigh {Wiz rF+}
   (You found it on level 14 of the Dungeon)

   [ring of wizardry]

   It improves your spell success rate.
   rF:        It protects you from fire.
Wands
 d - a wand of polymorph (29)
 s - a wand of mindburst (20)
 F - a wand of roots (38)
 J - a wand of flame (52)
 O - a wand of charming (17)
 S - a wand of quicksilver (19)
Scrolls
 l - 5 scrolls of blinking
 v - 2 scrolls of butterflies
 x - 4 scrolls of brand weapon
 B - 15 scrolls of teleportation
 H - 6 scrolls of poison
 I - 3 scrolls of silence
 M - 8 scrolls of magic mapping
 N - 6 scrolls of enchant weapon
 T - 6 scrolls of fog
 X - 2 scrolls of fear
Potions
 e - 6 potions of haste
 g - 6 potions of flight
 m - 5 potions of magic
 n - 8 potions of heal wounds
 p - 20 potions of curing
 u - 4 potions of resistance
 z - 11 potions of mutation
 D - 5 potions of cancellation
 E - 7 potions of invisibility
 P - 4 potions of might
 W - 5 potions of berserk rage
Miscellaneous
 b - a phantom mirror
 k - a box of beasts
 A - a lightning rod (4/4)
 R - a tin of tremorstones (2/2)
 V - a condenser vane


   Skills:
 + Level 16.6 Fighting
 + Level 19.4(24.6) Short Blades
 + Level 16.3(21.7) Long Blades
 + Level 16.1(21.5) Axes
 + Level 16.1(21.5) Maces & Flails
 + Level 16.1(21.5) Polearms
 + Level 16.1(21.5) Staves
 + Level 16.1 Ranged Weapons
 + Level 18.7 Throwing
 + Level 16.1(18.9) Armour
 + Level 20.0(22.6) Dodging
 + Level 19.3(21.9) Stealth
 + Level 16.1(18.9) Shields
 + Level 16.1(21.5) Unarmed Combat
 + Level 16.1 Spellcasting
 + Level 13.7(16.5) Conjurations
 + Level 13.7(16.5) Hexes
 + Level 13.7 Summonings
 + Level 13.7 Necromancy
 + Level 13.7(16.5) Translocations
 + Level 13.7(15.5) Transmutations
 + Level 13.7(15.5) Fire Magic
 + Level 13.7(15.5) Ice Magic
 + Level 13.7(15.5) Air Magic
 + Level 13.7(15.5) Earth Magic
 + Level 13.7(15.5) Poison Magic
 + Level 17.4 Invocations
 + Level 19.7(21.4) Evocations


You had 19 spell levels left.
You knew the following spells:

 Your Spells              Type           Power      Damage    Failure   Level
a - Cigotuvi's Dreadful   Necr/Pois/Air  100%       N/A       1%          2
b - Poisonous Vapours     Pois/Air       100%       N/A       1%          2
c - Wereblood             Tmut           70%        N/A       1%          2
d - Ignite Poison         Fire/Tmut/Pois 70%        N/A       1%          3
e - Mephitic Cloud        Conj/Pois/Air  70%        N/A       1%          3
f - Olgreb's Toxic Radia  Pois           70%        N/A       1%          4
g - Fireball              Conj/Fire      35%        3d15      2%          5
h - Freezing Cloud        Conj/Ice/Air   35%        6-21      2%          5
i - Manifold Assault      Tloc           72%        N/A       1%          4
j - Yara's Violent Unrav  Hex/Tmut       35%        3d14      2%          5

Your spell library contained the following spells:

 Spells                   Type           Power      Damage    Failure   Level
 Apportation              Tloc           100%       N/A       1%          1
 Foxfire                  Conj/Fire      100%       2x1d9     1%          1
 Magic Dart               Conj           100%       1d8       1%          1
 Necrotise                Necr           100%       1d9       1%          1
 Sandblast                Erth           100%       2d20      1%          1
 Slow                     Hex            100%       N/A       1%          1
 Sting                    Tmut/Pois      100%       1d8       1%          1
 Summon Small Mammal      Summ           100%       N/A       1%          1
 Blink                    Tloc           100%       N/A       1%          2
 Ensorcelled Hibernation  Hex/Ice        100%       N/A       1%          2
 Momentum Strike          Conj/Tloc      100%       3d10      1%          2
 Passwall                 Tmut/Erth      58%        N/A       1%          2
 Searing Ray              Conj           100%       2d8       1%          2
 Sublimation of Blood     Necr           65%        N/A       1%          2
 Confusing Touch          Hex            72%        N/A       1%          3
 Frozen Ramparts          Ice            100%       1d16      1%          3
 Gell's Gravitas          Tloc           72%        N/A       1%          3
 Kindle Blastsparks       Fire/Tloc/Air  100%       2d18      1%          3
 Lesser Beckoning         Tloc           100%       N/A       1%          3
 Spider Form              Tmut/Pois      70%        N/A       1%          3
 Stone Arrow              Conj/Erth      100%       3d13      1%          3
 Summon Guardian Golem    Hex/Summ       69%        N/A       1%          3
 Teleport Other           Tloc           72%        N/A       1%          3
 Tukima's Dance           Hex            72%        N/A       1%          3
 Vampiric Draining        Necr           65%        2d10      1%          3
 Vhi's Electric Charge    Tloc/Air       100%       N/A       1%          3
 Anguish                  Hex/Necr       34%        N/A       1%          4
 Animate Armour           Summ/Erth      100%       N/A       1%          4
 Fulminant Prism          Conj/Hex       36%        3d17      1%          4
 Ice Form                 Ice/Tmut       70%        N/A       1%          4
 Passage of Golubria      Tloc           72%        N/A       1%          4
 Petrify                  Tmut/Erth      70%        N/A       1%          4
 Summon Ice Beast         Ice/Summ       68%        N/A       1%          4
 Summon Lightning Spire   Summ/Air       68%        N/A       1%          4
 Iskenderun's Battlesphe  Conj           72%        2d12      1%          5
 Arcjolt                  Conj/Air       35%        1d45      2%          5
 Metabolic Englaciation   Hex/Ice        35%        N/A       2%          5
 Agony                    Necr           65%        N/A       7%          5
 Dispersal                Tloc           36%        N/A       12%         6
 Conjure Ball Lightning   Conj/Air       35%        3x3d12    14%         6
 Iron Shot                Conj/Erth      35%        9d7       14%         6
 Starburst                Conj/Fire      35%        6d10      14%         6
 Statue Form              Tmut/Erth      46%        N/A       17%         6
 Enfeeble                 Hex            36%        N/A       54%         7
 Orb of Destruction       Conj           36%        9d11      54%         7
 Storm Form               Tmut/Air       35%        N/A       67%         7
 Malign Gateway           Summ/Tloc      34%        N/A       75%         7
 Spellforged Servitor     Conj/Summ      34%        N/A       75%         7
 Monstrous Menagerie      Summ           32%        N/A       91%         7
 Summon Hydra             Summ           32%        N/A       91%         7
 Discord                  Hex            36%        N/A       99%         8
 Disjunction              Tloc           36%        N/A       99%         8
 Maxwell's Capacitive Co  Air            35%        ∞         100%        8
 Necromutation            Tmut/Necr      34%        N/A       100%        8
 Summon Horrible Things   Summ           32%        N/A       100%        8
 Death's Door             Necr           32%        N/A       100%        9


Dungeon Overview and Level Annotations

Branches:
Dungeon (15/15)            Temple (1/1) D:4            Lair (5/5) D:8
 Shoals (4/4) Lair:2        Snake (4/4) Lair:2        Slime (0/5) Lair:4
    Orc (2/2) D:11            Elf (3/3) Orc:2        Vaults (4/5) D:14
  Crypt (0/3) Vaults:2     Depths (1/4) D:15          IceCv (visited)
Volcano (visited)

Altars:
Ashenzari
Dithmenos
Makhleb
Nemelex Xobeh
Okawaru
Qazlal
Trog
Uskayaw
Vehumet
Wu Jian
Yredelemnul
Zin
The Shining One

Shops:
D:9 :   Orc:1 =:   Orc:2 **=(***   Elf:1 :   Elf:2 (*(   Snake:2 [
Vaults:1 *:(   Vaults:3 *   Vaults:4 (

Portals:
Abyss: Snake:4
Pandemonium: Orc:2

Annotations:
Snake:4 1 runed translucent door
Elf:2 3 runed translucent doors
Elf:3 3 runed translucent doors, Guankirch's ghost, adept HuSu; Sorrimu's ghost, adept DsDe; Teoxt's ghost, adept OpAE; Yritoa's ghost, journeyman MiBe


Innate Abilities, Weirdness & Mutations

You have very sharp teeth.
Your uncanny sense of smell can sniff out nearby items.
Your experience applies equally to all skills.


Message History

You hit the iron troll but do no damage.
You block the rakshasa's attack.
You hit the rakshasa. You freeze the rakshasa.
You bite the rakshasa, but do no damage.
The rakshasa is heavily wounded.
You slash the iron troll! You freeze the iron troll. You slash the iron troll!
You freeze the iron troll.
You hit the iron troll but do no damage. x2
You block the iron troll's attack.
The iron troll claws you but does no damage.
You block the iron troll's attack. The iron troll bites you!
* * * LOW HITPOINT WARNING * * *
You block the iron troll's attack. The iron troll barely misses you.
The iron troll bites you!!
* * * LOW HITPOINT WARNING * * *
You block the iron troll's attack. The iron troll closely misses you.
The iron troll bites you but does no damage.
The iron troll claws you but does no damage.
You block the iron troll's attack.
You slash the rakshasa! You freeze the rakshasa.
The rakshasa is heavily wounded.
You slash the iron troll! You slice the iron troll!! You freeze the iron troll.
You hit the iron troll but do no damage.
You hit the iron troll.
The injured rakshasa weaves a defensive illusion!
You block the rakshasa's attack.
You slice the rakshasa!! You freeze the rakshasa.
You kill the rakshasa!
The rakshasa shimmers and vanishes!
You slash the iron troll! You freeze the iron troll.
You kill the iron troll!
The iron troll's corpse shimmers and vanishes!
You completely miss the iron troll.
You hit the iron troll but do no damage. x2
The rakshasa gestures at you. The lance of force hits you!!
* * * LOW HITPOINT WARNING * * *
You are knocked back by the lance of force.
You slam into the rock wall!
You die...

.#...#.#*.R#∆ , * *+* *, ,
.##....##.# * , * , , , ,,,
,#.#.....#.# + { + , ,, **
#....>...#∆* ,,, , , *, *
####....### * * , , * *
###.R.T#, ,,* , * **
#.R..###### * * ,**
###TT.....#{* , ** * ##.#..@#.#
,, , #########....[[#.#, {,,
,,, * #.............[..#{*, , ,
#.###......##..#.###* *** ⌠ *
#.#####_##.##.##...#{, { ,
#.###......##[###..######**+*
#.............# #.......#{, #
#........########.......#######
########...........<...........


You could see 2 iron trolls and 2 rakshasas.

Vanquished Creatures
  Mennas (Vaults:3)
  Margery (Vaults:3)
  Vashnia (Snake:4)
  Nikola (Shoals:1)
  A tentacled monstrosity (Snake:4)
  A lich (Vaults:4)
  Asterion (Snake:4)
  4 deep elf master archers (Elf:3)
  2 deep elf blademasters (Elf:3)
  The ghost of olddryhag the Warrior, an adept DrFi of the Shining One (Shoals:2)
  4 sphinxes
  A kraken (Shoals:3)
  A tentacled starspawn (Snake:4)
  The ghost of Iich the Executioner, an adept MiFi of Gozag (Snake:4)
  Agnes (Elf:1)
  Frances (D:13)
  2 tengu reavers
  Ilsuiw (Shoals:4)
  A frost giant (Vaults:3)
  4 nagarajas (Snake:4)
  3 deep elf sorcerers (Elf:3)
  14 vault wardens
  Louise (Shoals:3)
  A draconian knight (IceCv)
  A cacodemon (Snake:4)
  Aizul (Vaults:3)
  20 ironbound preservers
  4 deep elf elementalists (Elf:3)
  A war gargoyle (Vaults:4)
  An orc warlord (Vaults:3)
  13 ironbound thunderhulks
  4 very ugly things (Vaults:4)
  2 stone giants (Depths:1)
  A vampire knight (Vaults:2)
  2 deep elf demonologists (Elf:3)
  7 deep elf annihilators (Elf:3)
  A spark wasp (shapeshifter) (D:14)
  4 dire elephants
  5 white draconians (IceCv)
  4 spark wasps (Depths:1)
  6 deep elf death magi (Elf:3)
  Snorg (D:13)
  An ettin (Depths:1)
  2 merfolk javelineers
  A crystal guardian (Vaults:4)
  7 yaktaur captains
  6 great orbs of eyes
  A jiangshi (Vaults:2)
  2 deep elf high priests
  7 vault guards
  11 merfolk impalers
  A salamander tyrant (Snake:4)
  An entropy weaver (Vaults:4)
  A rakshasa (Depths:1)
  13 centaur warriors
  13 anacondas
  11 hydras
  2 peacekeepers
  2 merfolk avatars (Shoals:1)
  A catoblepas (Lair:5)
  10 boulder beetles
  An ogre mage (Vaults:1)
  6 ironbound frosthearts
  4 merfolk aquamancers (Shoals:4)
  2 death knights
  2 demonspawn (Orc:2)
  2 satyrs (Shoals:4)
  11 dancing weapons
  7 two-headed ogres
  17 death yaks
  3 deep troll shamans
  2 deep troll earth magi
  9 orc high priests
  5 tengu warriors
  Urug (D:11)
  19 naga warriors
  A soul eater (Orc:2)
  5 shock serpents
  7 deep elf knights
  A shock serpent (shapeshifter) (D:14)
  Sonja (D:11)
  6 hell knights
  14 naga sharpshooters
  2 iron trolls
  6 salamander mystics
  5 skeletal warriors
  A fire crab (shapeshifter) (Vaults:1)
  14 sea snakes
  12 naga ritualists
  A glowing orange brain (Depths:1)
  An orange crystal statue (IceCv)
  The ghost of Foxy the Destroyer, a novice TeCj (D:7)
  13 deep elf archers
  15 harpies
  A tengu zombie (Vaults:4)
  66 deep trolls
  2 spectral merfolk (Shoals:2)
  21 deep elf pyromancers
  18 ironbound convokers
  9 orc knights
  Pikel (D:6)
  A phantasmal warrior (Vaults:2)
  15 wizards
  25 mana vipers
  11 lindwurms
  8 orc sorcerers
  21 ugly things
  A wolf spider (D:14)
  15 deep elf zephyrmancers
  2 necromancers
  A stone giant zombie (Vaults:4)
  9 cyclopes
  25 salamanders
  17 fauns
  A salamander (shapeshifter) (D:14)
  A fire giant skeleton (Vaults:4)
  A moth of wrath (shapeshifter) (D:14)
  15 vault sentinels
  14 manticores
  9 elephants
  9 guardian serpents
  A rust devil (Orc:2)
  41 black mambas
  10 merfolk sirens
  14 naga magi
  A guardian serpent (shapeshifter) (Elf:2)
  Joseph (D:7)
  2 water nymphs
  An orange demon (Orc:2)
  2 gargoyles (D:12)
  A water nymph (shapeshifter) (D:13)
  10 cane toads
  2 rime drakes
  A torpor snail (Lair:2)
  7 storm dragon simulacra (IceCv)
  3 unseen horrors
  2 kobold demonologists
  A yaktaur (shapeshifter) (D:13)
  An efreet (D:15)
  3 freezing wraiths (D:14)
  Psyche (D:10)
  10 komodo dragons
  A human zombie (Vaults:4)
  4 golden dragon simulacra (IceCv)
  A spectral water nymph (Shoals:2)
  A tengu conjurer (Depths:1)
  44 yaktaurs
  A spectral harpy (Shoals:2)
  32 merfolk
  6 polar bears
  4 wind drakes
  2 hornets (D:9)
  2 trolls (D:11)
  Prince Ribbit (D:7)
  A blink frog (shapeshifter) (D:15)
  A hornet (shapeshifter) (D:15)
  A raiju (Snake:4)
  23 slime creatures
  15 blink frogs
  5 dream sheep
  A spectral manticore (Shoals:2)
  A jumping spider (shapeshifter) (D:10)
  11 snapping turtles
  A spectral wind drake (Shoals:2)
  A centaur simulacrum (D:10)
  2 shadows
  3 air elementals
  2 spriggans (Lair:4)
  8 water elementals
  48 yaks
  A basilisk (shapeshifter) (D:14)
  7 wraiths
  A steam dragon (D:7)
  2 fire bats (Volcano)
  A neqoxec (Orc:2)
  6 wyverns
  Grum (Lair:1)
  4 basilisks
  3 fire elementals
  A hog (shapeshifter) (D:14)
  2 redbacks (Vaults:4)
  Eustachio (D:4)
  12 vampire mosquitoes
  2 sea snake simulacra (Shoals:2)
  2 wargs (Orc:1)
  A chaos spawn (Orc:2)
  A large abomination (Snake:4)
  38 nagas
  10 acid dragons
  Duvessa (D:5)
  A hell hound (Volcano)
  12 water moccasins
  35 orc warriors
  An ice beast (D:6)
  2 sky beasts (D:8)
  3 black bears
  4 ice dragon simulacra (IceCv)
  22 wolves
  9 ogres
  5 boggarts
  A wind drake simulacrum (Shoals:2)
  4 lemures (D:6)
  14 centaurs
  2 kobold brigands
  11 bullfrogs
  2 earth elementals (Elf:2)
  A merfolk simulacrum (Shoals:2)
  6 gnoll sergeants
  4 scorpions
  Dowan (D:5)
  7 killer bees
  6 lindwurm simulacra (IceCv)
  A howler monkey (D:4)
  11 electric eels
  A human simulacrum (Vaults:4)
  4 hounds
  8 centaur zombies (D:10)
  23 orc priests
  5 jellies
  4 gnoll boudas
  6 iguanas
  Crazy Yiuf (D:4)
  Jessica (D:3)
  14 orc wizards
  2 howler monkey zombies (D:10)
  6 adders
  28 gnolls
  A white imp (D:6)
  An ufetubus (D:5)
  A dart slug (D:3)
  79 orcs
  7 ball pythons
  5 endoplasms
  2 giant cockroaches
  9 goblins
  6 hobgoblins
  4 jackals (D:3)
  5 kobolds
  5 quokkas
  2 bats
  9 frilled lizards
  4 rats
  A bush (Lair:2)
  A lurking horror (Snake:4)
  4 tentacles (Shoals:3)
1586 creatures vanquished.

Vanquished Creatures (others)
  A salamander mystic (Snake:4)
  A deep elf pyromancer (Elf:1)
  A deep elf zephyrmancer (Elf:1)
  A manticore (Shoals:1)
  A naga mage (Snake:3)
  A bush (Lair:2)
  15 fungi
  99 plants
  6 starspawn tentacles (Snake:4)
  4 tentacles (Shoals:3)
  2 withered plants (Elf:3)
132 creatures vanquished.

Grand Total: 1718 creatures vanquished

Notes
Turn   | Place    | Note
-------+----------+-------------------------------------------
     0 | D:1      | Reached skill level 10 in Throwing
     0 | D:1      | Jase the Gnoll Wanderer began the quest for the Orb.
     0 | D:1      | Jase set off with the following items: a +2 dagger, 4
                  | curare-tipped darts, a +0 falchion, a wand of polymorph
                  | (5), a potion of haste, a +0 robe.
     0 | D:1      | Reached XP level 1. HP: 20/20 MP: 1/1
   173 | D:1      | Reached XP level 2. HP: 26/26 MP: 2/2
   641 | D:2      | Reached XP level 3. HP: 31/31 MP: 2/4
   725 | D:2      | Reached skill level 1 in Invocations
  1424 | D:3      | Reached skill level 1 in Short Blades
  1424 | D:3      | Reached skill level 1 in Axes
  1424 | D:3      | Reached skill level 1 in Maces & Flails
  1424 | D:3      | Reached skill level 1 in Polearms
  1424 | D:3      | Reached skill level 1 in Staves
  1424 | D:3      | Reached skill level 1 in Ranged Weapons
  1424 | D:3      | Reached skill level 1 in Armour
  1424 | D:3      | Reached skill level 1 in Dodging
  1424 | D:3      | Reached skill level 1 in Stealth
  1424 | D:3      | Reached skill level 1 in Shields
  1424 | D:3      | Reached skill level 1 in Unarmed Combat
  1424 | D:3      | Reached skill level 1 in Spellcasting
  1441 | D:3      | Found a broken altar of Ashenzari.
  1450 | D:3      | Found a sparkling altar of Nemelex Xobeh.
  1457 | D:3      | Found a burning altar of Makhleb.
  1462 | D:3      | Found a shadowy altar of Dithmenos.
  1469 | D:3      | Found a bloodstained altar of Trog.
  1474 | D:3      | Found a glowing silver altar of Zin.
  1485 | D:3      | Found a stormy altar of Qazlal.
  1498 | D:3      | Became a worshipper of Ashenzari the Shackled
  1661 | D:3      | Noticed Jessica
  1669 | D:3      | Killed Jessica
  1670 | D:3      | Reached skill level 1 in Conjurations
  1670 | D:3      | Reached skill level 1 in Hexes
  1670 | D:3      | Reached skill level 1 in Summonings
  1670 | D:3      | Reached skill level 1 in Necromancy
  1670 | D:3      | Reached skill level 1 in Translocations
  1670 | D:3      | Reached skill level 1 in Transmutations
  1670 | D:3      | Reached skill level 1 in Fire Magic
  1670 | D:3      | Reached skill level 1 in Ice Magic
  1670 | D:3      | Reached skill level 1 in Air Magic
  1670 | D:3      | Reached skill level 1 in Earth Magic
  1670 | D:3      | Reached skill level 1 in Poison Magic
  1670 | D:3      | Reached XP level 4. HP: 38/38 MP: 5/5
  1928 | D:3      | Identified the +10 war axe "Negojoco" {freeze, rC++ Will++
                  | Int+3}
  2023 | D:4      | Noticed an ogre
  2026 | D:4      | Killed an ogre
  2027 | D:4      | Reached XP level 5. HP: 43/43 MP: 5/7
  2083 | D:4      | Noticed a kobold brigand
  2089 | D:4      | Killed a kobold brigand
  2090 | D:4      | Reached skill level 5 in Fighting
  2090 | D:4      | Reached skill level 2 in Dodging
  2090 | D:4      | Reached skill level 5 in Evocations
  2090 | D:4      | Reached XP level 6. HP: 43/51 MP: 7/9
  2112 | D:4      | Noticed Eustachio
  2135 | D:4      | Killed Eustachio
  2136 | D:4      | Reached XP level 7. HP: 51/56 MP: 10/10
  2289 | D:4      | Found a staircase to the Ecumenical Temple.
  2413 | D:4      | Found a runed translucent door.
  2414 | D:4      | Noticed Crazy Yiuf
  2595 | D:4      | Killed Crazy Yiuf
  2631 | D:5      | Entered Level 5 of the Dungeon
  2742 | D:5      | Noticed Duvessa
  2742 | D:5      | Noticed Dowan
  2748 | D:5      | Killed Dowan
  2756 | D:5      | Killed Duvessa
  3038 | D:5      | Reached skill level 3 in Dodging
  3038 | D:5      | Reached XP level 8. HP: 47/63 MP: 12/12
  3041 | D:5      | Learned a level 2 spell: Cigotuvi's Dreadful Rot
  3044 | D:5      | Learned a level 2 spell: Poisonous Vapours
  3047 | D:5      | Learned a level 2 spell: Wereblood
  3051 | D:5      | Learned a level 3 spell: Ignite Poison
  3055 | D:5      | Learned a level 3 spell: Mephitic Cloud
  3153 | D:5      | Reached * piety under Ashenzari
  3562 | D:6      | Noticed Pikel
  3699 | D:6      | Killed Pikel
  3702 | D:6      | Reached skill level 4 in Dodging
  3702 | D:6      | Reached XP level 9. HP: 42/72 MP: 14/16
  4194 | D:6      | Reached skill level 5 in Long Blades
  4316 | D:6      | Reached ** piety under Ashenzari
  4927 | D:7      | Noticed Joseph
  5169 | D:7      | Noticed Prince Ribbit
  5177 | D:7      | Killed Prince Ribbit
  5178 | D:7      | Reached skill level 5 in Invocations
  5229 | D:7      | Found a transporter.
  5281 | D:7      | Identified the +7 trident of Resourcefulness {pain, rN+
                  | Will+ Int-2 Dex+3}
  5296 | D:7      | Found a transporter.
  5301 | D:7      | Noticed Foxy's ghost (novice TeCj)
  5310 | D:7      | Identified the amulet "Unnesm" {Fragile Regen+ Int+6
                  | Stlth+}
  5845 | D:8      | Reached skill level 5 in Short Blades
  5845 | D:8      | Reached skill level 5 in Axes
  5845 | D:8      | Reached skill level 5 in Maces & Flails
  5845 | D:8      | Reached skill level 5 in Polearms
  5845 | D:8      | Reached skill level 5 in Staves
  5845 | D:8      | Reached skill level 5 in Ranged Weapons
  5845 | D:8      | Reached skill level 5 in Armour
  5845 | D:8      | Reached skill level 5 in Dodging
  5845 | D:8      | Reached skill level 5 in Stealth
  5845 | D:8      | Reached skill level 5 in Shields
  5845 | D:8      | Reached skill level 5 in Unarmed Combat
  5845 | D:8      | Reached skill level 5 in Spellcasting
  5845 | D:8      | Reached XP level 10. HP: 82/82 MP: 20/20
  6123 | D:8      | Reached *** piety under Ashenzari
  6248 | D:8      | Identified the +6 flail of Conservatism {pain, rElec rCorr}
  6350 | D:8      | Found a staircase to the Lair.
  6639 | D:8      | Reached **** piety under Ashenzari
  6743 | D:9      | Noticed a kobold demonologist
  6746 | D:9      | Killed a kobold demonologist
  7638 | D:9      | Noticed a two-headed ogre
  7652 | D:9      | Killed a two-headed ogre
  7769 | D:9      | Found Renay's Book Shoppe.
  7939 | D:10     | Entered Level 10 of the Dungeon
  7944 | D:10     | Noticed an orc knight
  7963 | D:10     | Killed an orc knight
  7964 | D:10     | Reached skill level 6 in Dodging
  7964 | D:10     | Reached skill level 5 in Conjurations
  7964 | D:10     | Reached skill level 5 in Hexes
  7964 | D:10     | Reached skill level 5 in Summonings
  7964 | D:10     | Reached skill level 5 in Necromancy
  7964 | D:10     | Reached skill level 5 in Translocations
  7964 | D:10     | Reached skill level 5 in Transmutations
  7964 | D:10     | Reached skill level 5 in Fire Magic
  7964 | D:10     | Reached skill level 5 in Ice Magic
  7964 | D:10     | Reached skill level 5 in Air Magic
  7964 | D:10     | Reached skill level 5 in Earth Magic
  7964 | D:10     | Reached skill level 5 in Poison Magic
  7964 | D:10     | Reached XP level 11. HP: 79/94 MP: 12/24
  8342 | D:10     | Found a transporter.
  8417 | D:10     | Noticed Psyche
  8422 | D:10     | Killed Psyche
  8863 | D:10     | Found a transporter.
  8905 | D:10     | Found a basalt altar of Yredelemnul.
  9320 | Lair:1   | Entered Level 1 of the Lair of Beasts
  9445 | Lair:1   | Reached skill level 7 in Dodging
  9568 | Lair:1   | Noticed Grum
  9582 | Lair:1   | Killed Grum
  9600 | Lair:1   | Noticed a death yak
  9602 | Lair:1   | Noticed a death yak
  9602 | Lair:1   | Noticed a death yak
  9602 | Lair:1   | Noticed a death yak
  9604 | Lair:1   | Noticed a death yak
  9619 | Lair:1   | Killed a death yak
  9620 | Lair:1   | Reached XP level 12. HP: 103/103 MP: 15/27
  9671 | Lair:1   | Noticed a death yak
  9678 | Lair:1   | Killed a death yak
  9680 | Lair:1   | Killed a death yak
  9685 | Lair:1   | Killed a death yak
  9689 | Lair:1   | Killed a death yak
  9690 | Lair:1   | Killed a death yak
 10440 | D:9      | Bought a Young Poisoner's Handbook for 220 gold pieces
 10445 | D:9      | Learned a level 4 spell: Olgreb's Toxic Radiance
 10865 | Lair:2   | Found a staircase to the Snake Pit.
 11055 | Lair:2   | Reached skill level 8 in Dodging
 11151 | Lair:2   | Found a staircase to the Shoals.
 11492 | Lair:2   | Reached XP level 13. HP: 111/111 MP: 29/29
 13011 | Lair:4   | Found a staircase to the Slime Pits.
 13817 | Lair:5   | Entered Level 5 of the Lair of Beasts
 13824 | Lair:5   | Reached skill level 10 in Fighting
 13824 | Lair:5   | Reached skill level 10 in Evocations
 13833 | Lair:5   | Reached skill level 9 in Dodging
 14105 | Lair:5   | Reached skill level 10 in Invocations
 14105 | Lair:5   | Reached XP level 14. HP: 98/120 MP: 17/31
 14921 | Lair:5   | Reached skill level 10 in Long Blades
 15183 | Lair:5   | Identified the ring "Gochiute" {*Slow rF+ rN+++ Int-4
                  | Dex+4}
 15997 | D:11     | Noticed Urug
 16014 | D:11     | Killed Urug
 16243 | D:11     | Found a staircase to the Orcish Mines.
 16437 | D:11     | Noticed Sonja
 16440 | D:11     | Killed Sonja
 16953 | D:12     | Reached skill level 10 in Short Blades
 16953 | D:12     | Reached skill level 10 in Axes
 16953 | D:12     | Reached skill level 10 in Maces & Flails
 16953 | D:12     | Reached skill level 10 in Polearms
 16953 | D:12     | Reached skill level 10 in Staves
 16953 | D:12     | Reached skill level 10 in Ranged Weapons
 16953 | D:12     | Reached skill level 10 in Armour
 16953 | D:12     | Reached skill level 10 in Dodging
 16953 | D:12     | Reached skill level 10 in Stealth
 16953 | D:12     | Reached skill level 10 in Shields
 16953 | D:12     | Reached skill level 10 in Unarmed Combat
 16953 | D:12     | Reached skill level 10 in Spellcasting
 17601 | D:12     | Reached ***** piety under Ashenzari
 17686 | D:12     | Identified the +3 mace "Numnae" {holy, Int+3}
 18176 | Orc:1    | Entered Level 1 of the Orcish Mines
 18203 | Orc:1    | Found a dark tunnel.
 18209 | Volcano  | Entered a volcano
 18250 | Volcano  | Reached XP level 15. HP: 117/130 MP: 25/33
 18649 | Orc:1    | Found Leleban's Jewellery Shoppe.
 18791 | Orc:1    | Found Kidebuy's Self-Improvement Boutique.
 19089 | Orc:2    | Entered Level 2 of the Orcish Mines
 19105 | Orc:2    | Found Goun's Goods Gallery.
 19126 | Orc:2    | Learned a level 5 spell: Fireball
 19189 | Orc:2    | Found a staircase to the Elven Halls.
 19317 | Orc:1    | Bought a manual of Dodging for 960 gold pieces
 19334 | Orc:2    | Found Kotuil's Specific Store.
 19341 | Orc:2    | Found Reisit's General Store.
 19399 | Orc:2    | Found Nyothrad's General Store.
 19406 | Orc:2    | Found Sora's General Store.
 20235 | Orc:2    | Found Yse Fias's Antique Weapon Shoppe.
 20235 | Orc:2    | Found Anuqagum's Jewellery Emporium.
 20236 | Orc:2    | Found a one-way gate leading to the halls of Pandemonium.
 20832 | D:13     | Noticed Frances
 20847 | D:13     | Killed Frances
 20848 | D:13     | Reached skill level 11 in Dodging
 21058 | D:13     | Noticed Snorg
 21073 | D:13     | Killed Snorg
 21810 | D:13     | Identified a scroll of acquirement
 21864 | D:13     | Reached XP level 16. HP: 123/124 MP: 18/34
 22997 | D:14     | Found a gate to the Vaults.
 23715 | D:14     | Identified the amulet "Fane" {Faith Regen+ Stlth+}
 23850 | D:14     | Identified the ring of Biseptye {rElec rF++ rC+ rCorr
                  | Str-4}
 23858 | D:14     | Reached skill level 12 in Dodging
 24036 | D:14     | Reached skill level 15 in Throwing
 24890 | D:14     | Identified the ring of Vinigh {Wiz rF+}
 24894 | D:14     | Identified the ring of Amorality {Fire rN++ Will+++ MP-9}
 25140 | Shoals:1 | Entered Level 1 of the Shoals
 26276 | Shoals:1 | Noticed Nikola
 26283 | Shoals:1 | Killed Nikola
 26867 | Shoals:2 | Found a runed translucent gate.
 26867 | Shoals:2 | Found a runed translucent gate.
 26867 | Shoals:2 | Found a runed translucent gate.
 26873 | Shoals:2 | Noticed olddryhag's ghost (adept DrFi)
 27074 | D:7      | Killed Foxy's ghost
 27211 | D:7      | Killed Joseph
 28431 | Shoals:3 | Noticed Louise
 28438 | Shoals:3 | Killed Louise
 28507 | Shoals:3 | Reached XP level 17. HP: 100/142 MP: 18/35
 28516 | Shoals:3 | Reached skill level 13 in Dodging
 29167 | Shoals:3 | Reached skill level 10 in Conjurations
 29167 | Shoals:3 | Reached skill level 10 in Hexes
 29167 | Shoals:3 | Reached skill level 10 in Summonings
 29167 | Shoals:3 | Reached skill level 10 in Necromancy
 29167 | Shoals:3 | Reached skill level 10 in Translocations
 29167 | Shoals:3 | Reached skill level 10 in Transmutations
 29167 | Shoals:3 | Reached skill level 10 in Fire Magic
 29167 | Shoals:3 | Reached skill level 10 in Ice Magic
 29167 | Shoals:3 | Reached skill level 10 in Air Magic
 29167 | Shoals:3 | Reached skill level 10 in Earth Magic
 29167 | Shoals:3 | Reached skill level 10 in Poison Magic
 29206 | Shoals:3 | Acquired 1153 gold pieces
 29208 | Shoals:3 | Acquired 544 gold pieces
 29498 | Orc:2    | Bought the ring "Plog" {rPois Str+6 Stlth+} for 720 gold
                  | pieces
 29561 | Orc:1    | Bought a manual of Evocations for 960 gold pieces
 29561 | Orc:1    | Bought a manual of Stealth for 960 gold pieces
 30001 | Shoals:3 | Noticed a kraken
 30028 | Shoals:3 | Killed a kraken
 30400 | Lair:2   | Learned a level 5 spell: Freezing Cloud
 30401 | Snake:1  | Entered Level 1 of the Snake Pit
 31287 | Snake:1  | Identified the +8 rapier "Umeskate" {venom, rN+ Int-2 SInv}
 31721 | Snake:2  | Found Gaiqon's Armour Shop.
 32512 | Snake:3  | Identified the +10 flail "Xoim" {holy, rN+ Str+4 Int+3}
 32572 | Snake:3  | Reached skill level 14 in Dodging
 32919 | Snake:3  | Reached XP level 18. HP: 151/151 MP: 34/37
 32946 | Snake:3  | Found a broken altar of Ashenzari.
 33906 | D:15     | Entered Level 15 of the Dungeon
 33930 | D:15     | Found a staircase to the Depths.
 33966 | D:15     | Found a frozen archway.
 33980 | IceCv    | Entered an ice cave
 34272 | IceCv    | Identified the ring of Jaschof {Fly rC+}
 34342 | IceCv    | Identified the ring "Nacw" {Wiz rElec Slay+2}
 34476 | IceCv    | Identified the Almanac of Deathly Pestilence
 34971 | D:15     | Reached skill level 15 in Dodging
 35129 | D:15     | Found an iron altar of Okawaru.
 35454 | D:15     | Identified the +9 long sword "Ampamucw" {freeze, *Rage rC+
                  | Stlth+}
 35747 | Shoals:4 | Entered Level 4 of the Shoals
 35834 | Shoals:4 | Got a barnacled rune of Zot
 36054 | Shoals:4 | Identified the +6 sling "Vaung" {flame, rPois Will- Dex+6}
 36072 | Shoals:4 | Noticed Ilsuiw
 36078 | Shoals:4 | Killed Ilsuiw
 36334 | Shoals:4 | Reached skill level 15 in Evocations
 36809 | Shoals:4 | Reached XP level 19. HP: 159/159 MP: 34/39
 36819 | Shoals:4 | Learned a level 4 spell: Manifold Assault
 37180 | Shoals:4 | Identified the +7 rapier of Action {vorpal, *Noise Fly rC+
                  | Dex+4}
 38085 | Snake:4  | Entered Level 4 of the Snake Pit
 38205 | Snake:4  | Found a transporter.
 38215 | Snake:4  | Noticed a tentacled monstrosity
 38219 | Snake:4  | Found a transporter.
 38438 | Snake:4  | Learned a level 5 spell: Yara's Violent Unravelling
 38458 | Snake:4  | Found a one-way gate to the infinite horrors of the Abyss.
 38458 | Snake:4  | Noticed Iich's ghost (adept MiFi)
 38497 | Snake:4  | Reached skill level 15 in Short Blades
 38574 | Snake:4  | Found a runed translucent door.
 38903 | Snake:4  | Reached skill level 16 in Dodging
 38903 | Snake:4  | Reached skill level 15 in Stealth
 39102 | Snake:4  | Noticed Asterion
 39119 | Snake:4  | Killed Asterion
 39444 | Snake:4  | Noticed Vashnia
 39453 | Snake:4  | Killed Vashnia
 40011 | Snake:4  | Got a serpentine rune of Zot
 40413 | Vaults:1 | Entered Level 1 of the Vaults
 40561 | Vaults:1 | Reached skill level 15 in Invocations
 40868 | Vaults:1 | Reached XP level 20. HP: 166/166 MP: 29/39
 41646 | Vaults:1 | Found Hedghone's Weapon Shoppe.
 41648 | Vaults:1 | Found Roniuw's Book Shoppe.
 41648 | Vaults:1 | Found Ycyidot's General Store.
 41750 | Vaults:1 | Identified the +2 spear "Tounygaj" {elec, Stlth+}
 41909 | Vaults:1 | Reached skill level 17 in Dodging
 42801 | Vaults:2 | Reached skill level 15 in Fighting
 43470 | Vaults:2 | Found a staircase to the Crypt.
 44292 | Vaults:3 | Reached XP level 21. HP: 164/174 MP: 41/41
 44332 | Vaults:3 | Noticed Aizul
 44348 | Vaults:3 | Killed Aizul
 44428 | Vaults:3 | Acquired 927 gold pieces
 44477 | Vaults:3 | Identified the +1 arbalest of Fear {vorpal, Stlth+}
 44681 | Vaults:3 | Reached skill level 18 in Dodging
 44769 | Vaults:3 | Reached skill level 15 in Long Blades
 44927 | Vaults:3 | Noticed Margery
 44942 | Vaults:3 | Killed Margery
 44951 | Vaults:3 | Noticed Mennas
 45004 | Vaults:3 | Killed Mennas
 45376 | Vaults:3 | Reached skill level 15 in Axes
 45376 | Vaults:3 | Reached skill level 15 in Maces & Flails
 45376 | Vaults:3 | Reached skill level 15 in Polearms
 45376 | Vaults:3 | Reached skill level 15 in Staves
 45376 | Vaults:3 | Reached skill level 15 in Ranged Weapons
 45376 | Vaults:3 | Reached skill level 15 in Armour
 45376 | Vaults:3 | Reached skill level 15 in Shields
 45376 | Vaults:3 | Reached skill level 15 in Unarmed Combat
 45376 | Vaults:3 | Reached skill level 15 in Spellcasting
 45800 | Vaults:3 | Found Zodgh's Assorted Antiques.
 45808 | Vaults:3 | Bought a slimy amber ring for 105 gold pieces
 45808 | Vaults:3 | Identified the ring "Adooth" {Will+ Stlth+} (You bought it
                  | in a shop on level 3 of the Vaults)
 46967 | Vaults:4 | Reached XP level 22. HP: 177/184 MP: 37/43
 47045 | Vaults:4 | Identified the +1 dagger of Might {vorpal, Drain rF+ Will+
                  | Dex+3}
 47208 | Vaults:4 | Found Haeruep's Weapon Emporium.
 47300 | Vaults:4 | Reached skill level 19 in Dodging
 47465 | Vaults:4 | Identified the +2 robe of Vune Woe {-Cast rN+ SInv}
 47467 | Vaults:4 | Found the +2 hood of the Assassin {Detection Stab+ Stlth++}
 47505 | Vaults:4 | Found a radiant altar of Vehumet.
 47506 | Vaults:4 | Identified the +2 hat of Plog {Rampage Dex+3 Stlth+}
 47960 | Depths:1 | Entered Level 1 of the Depths
 48050 | Depths:1 | Found a broken altar of Ashenzari.
 48836 | Shoals:2 | Killed olddryhag's ghost
 49190 | Snake:4  | Killed Iich's ghost
 51119 | Temple   | Entered the Ecumenical Temple
 51734 | Elf:1    | Entered Level 1 of the Elven Halls
 51750 | Elf:1    | Found a radiant altar of Vehumet.
 52088 | Elf:1    | Found Joefep's Book Boutique.
 52299 | Elf:1    | Noticed Agnes
 52315 | Elf:1    | Killed Agnes
 52659 | Elf:1    | Paralysed by an air elemental for 1 turns
 52819 | Elf:2    | Found Ofeox's Antique Weapon Shoppe.
 52819 | Elf:2    | Found Tadacs's Antique Weapon Emporium.
 52830 | Elf:2    | Found Lejuraeck's Assorted Antiques.
 52831 | Elf:2    | Found Cigicw's Distillery.
 52837 | Elf:2    | Bought a pair of embroidered boots for 232 gold pieces
 53059 | Elf:2    | Identified the +9 quarterstaff "Fiexko" {freeze, rElec rN+
                  | Dex+3 Stlth+}
 53059 | Elf:2    | Identified the +7 halberd "Hiskudalu" {spect, Fragile rF+
                  | Stlth+}
 53136 | Elf:2    | Found a runed translucent gate.
 53136 | Elf:2    | Found a runed translucent gate.
 53136 | Elf:2    | Found a runed translucent gate.
 53290 | Elf:3    | Entered Level 3 of the Elven Halls
 53390 | Elf:3    | Noticed Guankirch's ghost (adept HuSu)
 53391 | Elf:3    | Found a runed translucent gate.
 53392 | Elf:3    | Found a runed translucent gate.
 53392 | Elf:3    | Found a runed translucent gate.
 53392 | Elf:3    | Noticed Sorrimu's ghost (adept DsDe)
 53392 | Elf:3    | Noticed Yritoa's ghost (journeyman MiBe)
 53392 | Elf:3    | Noticed Teoxt's ghost (adept OpAE)
 53596 | Elf:3    | Identified the +1 ring mail of Onkog {Rampage Fly rC+}
 53815 | Elf:3    | Reached XP level 23. HP: 68/185 MP: 31/42
 54395 | Elf:3    | Identified the ring "Jups" {rC+ Str+4 Dex-5}
 54455 | Elf:3    | Identified the +8 quarterstaff of Callousness {holy, rF++
                  | Dex+4 Stlth-}
 54455 | Elf:3    | Identified the ring "Yhocosy" {rF- rN++ rCorr Str+2}
 54527 | Elf:3    | Identified the +12 broad axe of Unbearable Exoneration
                  | {antimagic, *Corrode Will+ SInv}
 54527 | Elf:3    | Identified the Guide on Wicked Arts and Companions
 54527 | Elf:3    | Identified the +2 flail "Hethuuqe" {spect, Int+3}
 54529 | Elf:3    | Identified the ring of Qephiw {rF+ rCorr Int+6}
 54549 | Elf:3    | Reached skill level 20 in Dodging
 54629 | Elf:3    | Identified the +3 spear of Overwhelming Force {vorpal,
                  | rPois Will+}
 54635 | Elf:3    | Identified the Disquisition on Enchantment
 55310 | Depths:1 | HP: 7/186 [rakshasa (illusionary)/lance of force (26)]
 55310 | Depths:1 | Collided with a rock wall

Illustrated notes

Levels and vault maps discovered:
D:1:      wander_arrival_chamber, layout_rooms, minmay_lizard_pond
D:2:      layout_basic, minmay_crystal_water, bh_walls_and_bars
D:3:      kennysheep_big_flooded_room, layout_loops_cross,
          grunt_temple_overflow_octagram, uniq_jessica
D:4:      layout_rooms, minmay_temple_entry_grid, corner_web_ring,
          minmay_bisected, uniq_eustachio, uniq_crazy_yiuf_cottage
D:5:      layout_gridville, uniq_duvessa
D:6:      layout_layer_cave, uniq_pikel
D:7:      layout_basic, gammafunk_ghost_gnarly_gnolls,
          chequers_serial_rivers_micro_b, uniq_prince_ribbit1, uniq_joseph
D:8:      nicolae_cairo_tiling, layout_gridville
D:9:      layout_small_grid, serial_shops, nicolae_shop_hallway_plus,
          kennysheep_boxes
D:10:     gammafunk_cloud_chamber, layout_loops_corners,
          nicolae_yredelemnul_corpse_copse, hangedman_decor_points, kb_rosetta,
          uniq_psyche
D:11:     layout_irregular_city, david_orc_2, uniq_urug, uniq_sonja
D:12:     layout_cave_pods
D:13:     hangedman_cross_stitches, layout_stronghold, uniq_snorg, uniq_frances
D:14:     minmay_the_grid_triangle_9x9_recursive_2_mashed
          [minmay_the_grid_triangle_9x9_prize_special,
          minmay_the_grid_triangle_9x9_longest,
          minmay_the_grid_triangle_9x9_descending_squares,
          minmay_the_grid_triangle_9x9_empty], layout_cave_pods, david_vaults_2,
          wad_floor_pattern_2
D:15:     hangedman_depths_entry_civil_slaughter, layout_gridville,
          minmay_misc_feat_four_crosses, portal_ice_cave_entry_pillars_three,
          kennysheep_okawaru_gauntlet
Temple:   compressed_dpeg_circular_temple
Lair:1:   layout_gridlike, uniq_grum
Lair:2:   layout_roguey, elwin_shoals_entry_rooms, guppyfry_snake_entry_garden,
          minmay_hedge_maze
Lair:3:   layout_small_grid, serial_bayou_lagoon_a, infiniplex_staircase_pool_2,
          lemuel_fruit_tree
Lair:4:   wad_woods_tower, layout_hall_layers, minmay_slime_entry_pillars,
          grunt_megastairs_3, infiniplex_staircase_pool
Lair:5:   grunt_lair_end_beastmaster, layout_cave_pods
Shoals:1: layout_shoals, uniq_nikola
Shoals:2: layout_shoals, gammafunk_ghost_necromancy
Shoals:3: layout_shoals, uniq_louise
Shoals:4: shoals_end_simple, layout_shoals, shoals_ilsuiw_alternative
Snake:1:  layout_onion_interference, serial_bayou_pond_b, st_stairs_12,
          grunt_megastairs_1
Snake:2:  layout_onion, serial_shops, shop_statue, drop_trap
Snake:3:  layout_onion_interference, basic_altar, nicolae_snake_linked_coils,
          nicolae_snake_mages_go_home, grunt_megastairs_4
Snake:4:  johnstein_snake_rune_scales, layout_cave_pods,
          gammafunk_ghost_abyssal_escape, lightli_airlock, serial_bayou_shore_b,
          uniq_asterion, uniq_mara
Orc:1:    layout_caves, serial_shops, nicolae_shop_crystal,
          nicolae_volcano_entry_hallway, nicolae_shop_self_help
Orc:2:    pf_orc_diabolical, layout_caves, basic_altar, nicolae_alphabet_shops,
          nicolae_specific_store
Elf:1:    eino_elf_arrival_altar, layout_loops_cross, serial_shops, shop_coins,
          evilmike_minifort, uniq_agnes
Elf:2:    elven_hall_of_blades_hangedman_original
          [nicolae_blade_entry_antechamber], layout_geoelf_grid,
          minmay_checkered_concentric_circles, minmay_shoptagon, uniq_jorgrun
Elf:3:    minmay_elf_hall_circle, layout_onion_city, gammafunk_ghost_cemetery,
          columned_hall_lemuel
Vaults:1: v_alt_pattern_5, vaults_dpeg_diagonal, ontoclasm_vaults_shuriken,
          grunt_vaults_hallway_long, v_misc_5,
          hangedman_vaults_hard_town_square, nicolae_vaults_little_ls,
          vaults_room_ringed_pool, v_misc_25, hangedman_vaults_stagger,
          vaults_standard_mumra_x, grunt_vaults_swirl, ontoclasm_vaults_twist,
          vaults_room_grunt_arrival_ludios, layout_vaults_big_cross
Vaults:2: nicolae_vaults_quartermaster, nicolae_vaults_rhombus_7,
          ontoclasm_vaults_claustrophobia, nicolae_vaults_little_squares_5,
          ontoclasm_vaults_fault, vaults_dpeg_cross, vaults_mumra_hex,
          v_pattern_2, ontoclasm_vaults_eye, vaults_mumra_chevron,
          minmay_crypt_entry_simple_sparse, v_misc_12, vaults_room_boxed,
          nicolae_vaults_sealed_display, layout_vaults_omnibox
Vaults:3: nicolae_vaults_asterisk, vaults_room_hallway,
          nicolae_vaults_little_squares_6, v_alt_pattern_3,
          vaults_mumra_minichess_inversion, v_misc_11, st_smaller_cells,
          v_rooms_3, v_misc_23, nicolae_vaults_yaktaur_gun_rack,
          layout_vaults_omnigrid, serial_shops, shop, uniq_aizul, uniq_margery,
          uniq_mennas
Vaults:4: v_misc_3, v_misc_9, grunt_vaults_trifunnel, vaults_room_fours,
          grunt_tower_of_power, nicolae_vaults_windows_and_doors_thing,
          hangedman_vaults_restitches, layout_vaults_ring, serial_shops,
          nicolae_shop_trees
Depths:1: hangedman_box_tower, layout_cave_pools, rand_demon_pan_entry_4,
          hell_entry, hangedman_abyss_or_decor_passed,
          hangedman_decor_diamond_cutter, cheibrodos_ashenzari_chains

Skill      XL: |  1  2  3  4  5  6  7  8  9 10 11 12 13 14 15 16 17 18 19 20 21 22 23 |
---------------+----------------------------------------------------------------------+-----
Throwing       | 11 12 13 14 15 16 17 18 | 18.7
Invocations    | 1 2 3 4 5 6 7 8 10 11 12 13 14 15 16 17 | 17.4
Short Blades   | 1 2 3 4 5 6 7 8 9 10 11 13 14 15 16 18 19 | 19.4
Axes           | 1 2 3 4 5 6 7 8 9 10 11 12 13 14 15 16 | 16.1
Maces & Flails | 1 2 3 4 5 6 7 8 9 10 11 12 13 14 15 16 | 16.1
Polearms       | 1 2 3 4 5 6 7 8 9 10 11 12 13 14 15 16 | 16.1
Staves         | 1 2 3 4 5 6 7 8 9 10 11 12 13 14 15 16 | 16.1
Ranged Weapons | 1 2 3 4 5 6 7 8 9 10 11 12 13 14 15 16 | 16.1
Armour         | 1 2 3 4 5 6 7 8 9 10 11 12 13 14 15 16 | 16.1
Dodging        | 1 2 3 4 5 6 7 8 9 10 11 12 14 15 16 17 18 19 20 | 20.0
Stealth        | 1 2 3 4 5 6 7 8 9 10 11 13 14 15 16 18 19 | 19.3
Shields        | 1 2 3 4 5 6 7 8 9 10 11 12 13 14 15 16 | 16.1
Unarmed Combat | 1 2 3 4 5 6 7 8 9 10 11 12 13 14 15 16 | 16.1
Spellcasting   | 1 2 3 4 5 6 7 8 9 10 11 12 13 14 15 16 | 16.1
Conjurations   | 1 2 3 4 5 6 7 8 9 10 11 12 13 | 13.7
Hexes          | 1 2 3 4 5 6 7 8 9 10 11 12 13 | 13.7
Summonings     | 1 2 3 4 5 6 7 8 9 10 11 12 13 | 13.7
Necromancy     | 1 2 3 4 5 6 7 8 9 10 11 12 13 | 13.7
Translocations | 1 2 3 4 5 6 7 8 9 10 11 12 13 | 13.7
Transmutations | 1 2 3 4 5 6 7 8 9 10 11 12 13 | 13.7
Fire Magic     | 1 2 3 4 5 6 7 8 9 10 11 12 13 | 13.7
Ice Magic      | 1 2 3 4 5 6 7 8 9 10 11 12 13 | 13.7
Air Magic      | 1 2 3 4 5 6 7 8 9 10 11 12 13 | 13.7
Earth Magic    | 1 2 3 4 5 6 7 8 9 10 11 12 13 | 13.7
Poison Magic   | 1 2 3 4 5 6 7 8 9 10 11 12 13 | 13.7
Long Blades    | 3 4 5 6 7 8 9 10 11 12 13 14 15 16 | 16.3
Fighting       | 5 6 7 8 9 10 11 12 13 14 15 16 | 16.6
Evocations     | 5 6 7 8 9 10 11 12 13 15 16 17 18 19 | 19.7

Action                   |  1- 3 |  4- 6 |  7- 9 | 10-12 | 13-15 | 16-18 | 19-21 | 22-24 || total
-------------------------+-------+-------+-------+-------+-------+-------+-------+-------++-------
Melee: Dagger            |   127 |    21 |       |       |       |       |       |       ||   148
       Bite              |     6 |     3 |    12 |    47 |    78 |   114 |   191 |   129 ||   580
       Punch             |     2 |       |       |       |       |       |       |       ||     2
       War axe           |       |    28 |   177 |   368 |   596 |   768 |  1141 |   714 ||  3792
       Flail             |       |       |       |       |    14 |       |       |       ||    14
Throw: Stone             |     4 |     1 |     7 |       |       |       |       |       ||    12
       Boomerang         |       |       |       |     6 |    22 |    18 |    30 |     5 ||    81
       Javelin           |       |       |       |       |       |       |       |     4 ||     4
 Cast: Wereblood         |       |       |     6 |    11 |    31 |    29 |    38 |    12 ||   127
       Poisonous Vapours |       |       |     1 |    30 |    50 |   109 |    26 |     7 ||   223
       Ignite Poison     |       |       |     1 |    24 |    50 |    76 |    45 |    11 ||   207
       Mephitic Cloud    |       |       |     1 |     7 |     2 |     2 |       |       ||    12
       Cigotuvi's Dreadf |       |       |       |     2 |     2 |     1 |     1 |       ||     6
       Olgreb's Toxic Ra |       |       |       |     5 |    47 |    31 |    29 |     6 ||   118
       Fireball          |       |       |       |       |    17 |    70 |    12 |     3 ||   102
       Freezing Cloud    |       |       |       |       |       |    33 |    27 |     2 ||    62
       Manifold Assault  |       |       |       |       |       |       |    50 |    17 ||    67
       Yara's Violent Un |       |       |       |       |       |       |    11 |    14 ||    25
Invok: Curse Item        |       |       |     4 |     3 |     2 |     4 |     2 |     1 ||    16
       Shatter the Chain |       |       |       |     1 |     3 |     2 |     1 |     2 ||     9
Evoke: Condenser vane    |       |       |       |       |       |     2 |     1 |     1 ||     4
       Wand              |       |       |       |       |       |       |     2 |       ||     2
       Tin of tremorston |       |       |       |       |       |       |     1 |       ||     1
  Use: Potion            |       |       |     1 |       |     1 |       |     3 |     1 ||     6
       Scroll            |       |       |       |       |     2 |     4 |     4 |     3 ||    13
 Stab: Sleeping          |     6 |     3 |     7 |     8 |    16 |    17 |    38 |    22 ||   117
       Distracted        |       |     1 |       |     3 |       |       |     5 |     4 ||    13
       Confused          |       |       |     1 |     3 |       |       |       |       ||     4
       Petrified         |       |       |       |       |    17 |       |       |       ||    17
       Petrifying        |       |       |       |       |     1 |       |       |       ||     1
Armor: Robe              |    50 |    21 |    46 |   124 |   105 |       |       |       ||   346
       Ring mail         |       |       |       |       |    52 |   150 |   208 |    49 ||   459
       Chain mail        |       |       |       |       |       |       |       |    72 ||    72
Dodge: Dodged            |    67 |    36 |    81 |   194 |   314 |   286 |   425 |   192 ||  1595
Block: Buckler           |     8 |    18 |   100 |    68 |       |       |       |       ||   194
       Reflection        |       |     2 |     2 |     3 |    22 |    95 |    80 |    42 ||   246
       Kite shield       |       |       |       |   236 |   510 |   725 |   982 |   280 ||  2733
       Tower shield      |       |       |       |       |       |       |       |   324 ||   324

Table legend: (Time is in decaauts)
 A = Elapsed time spent in this place.
 B = Non-inter-level travel time spent in this place.
 C = Inter-level travel time spent in this place.
 D = Time resting spent in this place.
 E = Time spent auto-exploring this place.
 F = Levels seen in this place.
 G = Mean time per level.
                   A        B        C        D        E       F      G
               +--------+--------+--------+--------+--------+-----+--------+
         Total |  55186 |  47639 |   7547 |  12690 |  21399 |  41 | 1346.0 |
       Dungeon |  19685 |  16401 |   3284 |   3639 |   8953 |  15 | 1312.3 |
        Temple |      1 |      0 |      1 |      0 |      0 |   1 |    1.0 |
          Lair |   7305 |   5918 |   1387 |   1397 |   3152 |   5 | 1461.0 |
        Shoals |   6525 |   5910 |    615 |   2325 |   2250 |   4 | 1631.2 |
     Snake Pit |   7095 |   5785 |   1310 |   1650 |   2298 |   4 | 1773.8 |
  Orcish Mines |   2571 |   2230 |    341 |    707 |    802 |   2 | 1285.5 |
   Elven Halls |   3341 |   3170 |    171 |    699 |   1008 |   3 | 1113.7 |
        Vaults |   7457 |   7024 |    433 |   1888 |   2827 |   4 | 1864.2 |
        Depths |    339 |    338 |      1 |     87 |      4 |   1 |  339.0 |
      Ice Cave |    626 |    626 |      0 |    261 |    104 |   1 |  626.0 |
       Volcano |    237 |    237 |      0 |     36 |      0 |   1 |  237.0 |
               +--------+--------+--------+--------+--------+-----+--------+

Top non-repeatable levels by time:
 Snake:4: 2837 daAuts
    D:14: 2347 daAuts
    D:13: 2144 daAuts
Vaults:2: 2141 daAuts
Shoals:4: 2131 daAuts
  Lair:2: 2035 daAuts
Vaults:1: 1993 daAuts
    D:10: 1993 daAuts
Vaults:3: 1888 daAuts
  Lair:5: 1847 daAuts
   Orc:2: 1765 daAuts
     D:9: 1758 daAuts
   Elf:3: 1745 daAuts
Shoals:1: 1739 daAuts
 Snake:1: 1719 daAuts
